Map: Shrines of Lizul

Players

OpuS

  • Race: Protoss Protoss
  • League: Diamond
  • Spawn Location: 3:00

Sketchaphone

  • Race: Zerg Zerg
  • League: Platinum
  • Spawn Location: 12:00

Kadush - Winner!

  • Race: Zerg Zerg
  • League: Platinum
  • Spawn Location: 9:00

ThellyRaul - Winner!

  • Race: Zerg Zerg
  • League: Diamond
  • Spawn Location: 6:00

VOD

Have the link to the VOD?

Description

Time

  • Played on: March 3, 2019, 10:14 p.m.
  • Length: 14:38
Show
View Real Time Build Order
Export as new Build Order

OpuS Protoss 

Build Orders: Zealot Archon 

Get SALT Encoding   

  12  0:00  Probe  
  13  0:13  Probe  
  14  0:21  Pylon  
  14  0:26  Probe  
  15  0:39  Probe  
  15  0:42  Pylon  
  16  0:51  Gateway  
  16  0:55  Probe  
  16  0:58  Assimilator  
  17  1:15  Gateway  
  17  1:21  Probe  
  18  1:29  Probe  
  18  1:38  Zealot  
  21  1:41  Cybernetics Core  
  21  1:43  Pylon  
  21  1:50  Probe  
  21  1:53  Assimilator  
  22  2:03  Probe  
  22  2:07  Warp Gate  
  22  2:08  Pylon  
  23  2:14  Zealot  
  25  2:16  Probe  
  26  2:24  Adept  
  27  2:40  Gateway  
  27  2:44  Adept  
  27  2:49  Twilight Council  
  29  3:04  Adept  
  31  3:06  Probe  
  30  3:14  Adept, Probe  
  33  3:22  Gateway  
  33  3:28  Pylon  
  33  3:35  Charge  
  33  3:40  Probe  
  34  3:57  Zealot x2, Adept  
  40  4:03  Pylon  
  40  4:21  Pylon  
  40  4:22  Adept x2  
  44  4:32  Zealot  
  46  4:38  Templar Archives  
  46  4:44  Adept  
  42  5:28  Zealot x2  
  42  5:29  Zealot  
  42  5:31  Zealot  
  46  5:36  Nexus  
  44  5:53  Probe  
  44  5:55  Adept x3  
  51  6:01  Adept  
  47  6:21  Pylon  
  47  6:23  Zealot x2  
  47  6:24  Zealot  
  49  6:35  Zealot  
  49  6:43  Probe  
  50  6:47  Dark Shrine  
  50  6:55  Probe  
  50  6:56  High Templar x2  
  50  7:00  Zealot  
  50  7:01  Archon  
  57  7:08  Gateway  
  57  7:11  Probe x2  
  59  7:26  High Templar  
  59  7:27  High Templar  
  63  7:32  Gateway  
  63  7:47  Zealot x2  
  63  7:49  Archon  
  63  7:50  Probe x2  
  65  7:58  Shadow Stride  
  53  8:06  Probe x2  
  53  8:09  Pylon  
  53  8:11  Zealot x3  
  53  8:18  Probe  
  50  8:22  Probe  
  50  8:23  Zealot  
  50  8:25  Zealot  
  55  8:30  Probe  
  56  8:34  Probe  
  56  8:36  Assimilator  
  56  8:38  Assimilator  
  57  8:42  Probe  
  57  8:47  Dark Templar x2  
  62  8:51  Zealot  
  62  8:54  Probe x2  
  66  9:06  Probe x2  
  68  9:33  Zealot x2  
  68  9:34  Zealot x4  
  80  9:42  Gateway  
  78  9:45  Gateway  
  76  10:00  High Templar x2  
  76  10:02  Dark Templar x3  
  76  10:06  Archon  
  84  10:25  Dark Templar  
  84  10:39  Zealot x4  
  84  10:40  Zealot x2  
  74  10:55  Stargate  
  64  10:59  Probe x2  
  64  11:02  Stargate  
  64  11:03  Stargate  
  52  11:11  Probe  
  53  11:23  Zealot x2  
  53  11:24  Zealot x6  
  69  11:40  Phoenix  
  69  11:46  Phoenix x2  
  75  11:51  Dark Templar  
  75  11:52  Dark Templar  
  79  11:55  Archon  
  65  12:13  Phoenix  
  65  12:26  Dark Templar x2  
  65  12:28  Zealot x5  
  69  12:46  Dark Templar  
  67  12:59  Zealot  
  67  13:00  Dark Templar x2  
  67  13:02  Zealot  
  63  13:07  Zealot x3  
  58  13:42  Archon  
  58  13:43  Archon  
  58  13:45  High Templar  
  58  13:46  Zealot x2  
  58  13:47  Zealot x2, Nexus  
  67  13:54  Archon  
Show
View Real Time Build Order
Export as new Build Order

Sketchaphone Zerg 

Build Orders: Pool First 

Get SALT Encoding   

  12  0:01  Drone  
  13  0:08  Drone  
  14  0:29  Spawning Pool  
  14  0:30  Drone  
  14  0:35  Extractor  
  13  0:40  Overlord  
  13  0:46  Drone  
  14  1:00  Drone x2  
  14  1:02  Drone  
  17  1:17  Zergling x2  
  18  1:19  Queen  
  20  1:26  Zergling x2  
  21  1:34  Overlord  
  21  1:51  Metabolic Boost  
  21  1:52  Zergling x2  
  22  1:58  Overlord  
  22  2:16  Zergling x2  
  23  2:23  Zergling x2  
  23  2:28  Spine Crawler  
  23  2:32  Zergling x6  
  27  2:39  Spine Crawler  
  24  2:51  Zergling x4  
  26  3:03  Zergling x2  
  28  3:08  Zergling x6  
  28  3:11  Evolution Chamber  
  28  3:22  Zergling x2  
  29  3:28  Hatchery  
  25  3:36  Drone x2  
  25  3:40  Zergling x6  
  29  3:49  Zergling x2, Zerg Melee Weapons Level 1  
  29  3:52  Roach Warren  
  29  4:18  Zergling x10  
  34  4:33  Zergling x4  
  36  4:40  Drone  
  36  4:42  Overlord  
  37  4:57  Overlord x2  
  37  5:02  Drone x2  
  37  5:03  Overlord  
  31  5:31  Zergling x10  
  31  5:37  Zergling x2  
  31  5:42  Zergling x2, Queen  
  30  5:45  Zergling x2  
  33  5:53  Drone  
  29  6:06  Zergling x6  
  29  6:10  Zergling x4  
  31  6:16  Zergling x4  
  32  6:23  Zergling x2  
  31  6:27  Roach x2  
  28  6:48  Roach  
  28  6:49  Roach x4  
  38  6:55  Drone x2  
  40  7:05  Roach  
  40  7:07  Drone  
  43  7:10  Drone  
  43  7:15  Roach  
  46  7:20  Roach  
  48  7:23  Roach  
  50  7:35  Roach x2  
  54  7:41  Roach  
  51  8:03  Roach x2  
  51  8:04  Roach x3  
  56  8:06  Drone  
  49  8:20  Roach  
  49  8:21  Roach  
  53  8:28  Drone x2  
  55  8:39  Drone x2  
  57  8:47  Drone x2  
  59  8:51  Extractor  
  59  8:52  Zerg Ground Armor Level 1  
  58  8:57  Drone x2  
  58  8:59  Drone  
  58  9:01  Drone  
  62  9:05  Drone  
  62  9:08  Drone  
  64  9:11  Drone  
  53  9:41  Overlord  
  53  9:42  Drone  
  53  9:44  Lair  
  53  9:45  Roach x2  
  50  9:48  Hatchery  
  45  9:57  Roach x3  
  47  10:03  Queen  
  47  10:04  Extractor  
  47  10:05  Drone  
  49  10:08  Drone  
  49  10:11  Drone x2  
  52  10:26  Roach x4  
  60  10:28  Spore Crawler  
  60  10:30  Spore Crawler  
  60  10:34  Spore Crawler  
  54  10:41  Spore Crawler  
  54  10:42  Roach x2  
  55  10:49  Roach  
  50  10:58  Spore Crawler  
  47  11:06  Roach x3  
  52  11:21  Hydralisk Den  
  52  11:22  Roach Warren  
  50  11:30  Extractor  
  35  11:49  Drone x2, Overlord  
  35  11:51  Drone x3  
  38  11:58  Grooved Spines  
  38  12:00  Drone  
  37  12:24  Hydralisk x2  
  37  12:25  Hydralisk  
  43  12:31  Roach x2  
  41  12:55  Hydralisk x3  
  47  13:00  Drone  
  47  13:01  Drone  
  49  13:09  Drone x2  
  49  13:12  Drone  
  52  13:27  Lurker Den  
  45  13:38  Hydralisk x3  
  45  13:40  Drone  
  44  14:10  Hydralisk x2  
  44  14:13  Hatchery  
Show
View Real Time Build Order
Export as new Build Order

Kadush Zerg - Winner!

Build Orders: 3 Hatch before Pool 

Get SALT Encoding   

  12  0:04  Drone  
  13  0:09  Drone  
  14  0:18  Overlord  
  14  0:37  Drone  
  14  0:38  Drone x2  
  17  0:56  Hatchery  
  16  1:02  Extractor  
  16  1:04  Hatchery  
  16  1:05  Drone  
  16  1:20  Spawning Pool  
  15  1:27  Drone x2  
  15  1:31  Drone  
  18  1:48  Drone  
  18  1:50  Drone  
  20  2:03  Overlord  
  20  2:09  Metabolic Boost  
  20  2:11  Queen  
  22  2:31  Zergling x6  
  22  2:35  Spine Crawler  
  24  2:45  Zergling x4  
  24  2:50  Zergling x2  
  23  3:00  Zergling x2  
  24  3:14  Drone x4  
  28  3:23  Spine Crawler  
  27  3:31  Drone x2  
  29  3:45  Queen  
  29  3:46  Drone x2  
  33  3:54  Baneling Nest  
  32  4:03  Drone x4  
  36  4:11  Overlord  
  36  4:13  Pneumatized Carapace  
  36  4:39  Lair  
  36  4:40  Drone x2  
  36  4:42  Extractor  
  36  4:43  Drone x3  
  36  4:44  Drone  
  41  4:46  Drone  
  41  4:47  Zergling x2  
  43  4:54  Zergling x2  
  43  4:59  Baneling x4  
  44  5:00  Baneling x4  
  44  5:06  Overlord x2  
  44  5:11  Zergling x4  
  43  5:20  Zergling x8  
  41  5:23  Spine Crawler  
  41  5:26  Zergling x2, Spine Crawler  
  41  5:27  Zergling x2, Spine Crawler  
  40  5:34  Zergling x2  
  39  5:38  Zergling x2  
  39  5:41  Queen  
  39  5:42  Queen  
  39  5:48  Roach Warren  
  37  5:52  Zergling x2  
  37  5:55  Zergling x2  
  36  6:03  Zergling x4  
  38  6:05  Zergling x2  
  38  6:06  Zergling x2  
  38  6:11  Zergling x4  
  38  6:33  Drone x3  
  38  6:34  Drone  
  42  6:46  Drone  
  43  6:47  Drone  
  43  6:49  Drone  
  43  6:50  Drone  
  43  6:51  Extractor  
  43  6:52  Hatchery  
  44  6:56  Drone x2  
  44  7:00  Drone  
  44  7:01  Drone x2  
  49  7:06  Overlord  
  49  7:13  Overlord  
  49  7:14  Roach x2  
  53  7:24  Roach x2  
  53  7:28  Roach x3  
  63  7:30  Roach  
  63  7:36  Roach x3  
  73  7:37  Roach  
  73  7:42  Drone  
  76  7:44  Roach  
  67  8:02  Zergling x6  
  67  8:03  Zergling x4  
  68  8:07  Queen x2  
  68  8:08  Roach Warren  
  68  8:09  Queen  
  65  8:28  Spine Crawler, Drone  
  65  8:29  Spine Crawler  
  65  8:30  Drone  
  65  8:31  Drone x4  
  69  8:38  Extractor  
  69  8:39  Overseer  
  68  8:43  Queen  
  70  8:57  Queen  
  70  8:58  Roach  
  70  8:59  Roach x4  
  70  9:00  Overlord  
  82  9:04  Overlord  
  81  9:18  Roach x2  
  81  9:19  Roach x2  
  81  9:21  Overlord x2  
  89  9:30  Roach x3  
  89  9:31  Roach  
  94  9:35  Roach  
  94  9:36  Roach  
  97  9:40  Roach  
  97  9:41  Roach x2  
  103  9:58  Roach x5  
  113  10:04  Overlord x2  
  113  10:12  Drone  
  113  10:14  Extractor, Overlord  
  114  10:15  Extractor  
  112  10:30  Nydus Network, Overlord  
  112  10:31  Roach  
  112  10:32  Roach  
  115  10:41  Roach x3  
  115  10:42  Roach x2  
  87  10:59  Roach  
  87  11:00  Roach x10  
  95  11:17  Roach, Drone x3  
  95  11:18  Drone x2  
  100  11:37  Drone x3  
  100  11:38  Drone x3  
  101  11:54  Nydus Canal  
  101  11:55  Hatchery  
  99  12:07  Roach  
  99  12:08  Roach x13  
  121  12:14  Roach  
  121  12:15  Roach  
  125  12:17  Zergling x4  
  125  12:25  Roach  
  125  12:26  Roach x3  
  125  12:27  Glial Reconstitution  
  133  12:35  Overlord  
  123  12:51  Queen  
  105  12:53  Queen  
  105  12:54  Queen  
  103  13:00  Hydralisk Den  
  102  13:05  Evolution Chamber  
  102  13:06  Evolution Chamber  
  102  13:07  Queen  
  102  13:08  Drone x4  
  102  13:09  Drone  
  107  13:13  Overlord  
  107  13:19  Ravager x2  
  111  13:20  Ravager x5  
  108  13:46  Hydralisk  
  108  13:47  Hydralisk x10  
  130  13:49  Drone  
  131  14:02  Hydralisk x2  
Show
View Real Time Build Order
Export as new Build Order

ThellyRaul Zerg - Winner!

Build Orders: Hatch First, Muta Ling Bane 

Get SALT Encoding   

  12  0:01  Drone  
  13  0:08  Drone  
  14  0:18  Overlord  
  14  0:37  Drone x3  
  17  0:49  Drone  
  18  1:00  Drone  
  18  1:01  Hatchery  
  18  1:13  Extractor  
  18  1:17  Spawning Pool  
  16  1:26  Drone x2  
  18  1:48  Overlord x2  
  18  2:06  Spine Crawler  
  18  2:08  Zergling x4  
  19  2:14  Queen  
  19  2:15  Queen  
  23  2:35  Drone x3  
  27  2:37  Zergling x6  
  27  2:38  Metabolic Boost  
  30  2:49  Zergling x4  
  30  3:00  Zergling x4  
  32  3:10  Zergling x4  
  31  3:22  Zergling x4  
  33  3:29  Zergling x2  
  30  3:36  Zergling x4  
  30  3:37  Zergling x2  
  30  3:40  Zergling x6  
  36  3:47  Zergling x2  
  36  3:48  Zergling x2  
  37  3:52  Overlord  
  37  4:00  Drone  
  38  4:03  Drone  
  38  4:17  Drone  
  38  4:18  Drone x3, Overlord  
  42  4:29  Drone x3  
  42  4:30  Drone  
  46  4:37  Baneling Nest  
  43  4:40  Drone  
  43  4:41  Extractor  
  43  4:45  Drone x2  
  45  4:49  Drone  
  46  4:58  Zergling x6  
  49  5:05  Spine Crawler  
  41  5:32  Zergling x4  
  41  5:33  Zergling x20  
  49  5:45  Baneling x2  
  49  5:46  Baneling x5  
  49  5:49  Drone x2  
  51  5:55  Drone  
  51  5:56  Drone  
  53  6:01  Lair  
  50  6:09  Drone  
  49  6:11  Drone  
  49  6:18  Drone x2  
  41  6:54  Zergling x2  
  41  6:55  Zergling x14  
  41  6:58  Centrifical Hooks  
  48  7:04  Drone  
  48  7:05  Drone  
  50  7:09  Extractor, Queen  
  50  7:11  Extractor, Queen  
  50  7:12  Overlord  
  50  7:15  Baneling x4  
  52  7:17  Zergling x2  
  53  7:25  Drone x2  
  55  7:32  Spine Crawler  
  55  7:36  Zergling x4  
  54  7:40  Spine Crawler  
  54  7:42  Spine Crawler  
  54  7:43  Baneling x2  
  54  7:44  Baneling x3  
  52  7:45  Zergling x8  
  52  7:49  Zergling x2  
  56  7:54  Zergling x2  
  56  7:55  Zergling x4  
  59  8:02  Zergling x4  
  59  8:19  Drone x2  
  61  8:20  Drone x4  
  64  8:31  Spire  
  64  8:32  Drone x2  
  65  8:42  Zergling x2  
  65  8:43  Zergling x2  
  67  8:50  Overlord, Hatchery  
  67  8:51  Overlord  
  61  9:19  Zergling x2  
  61  9:20  Zergling x16  
  60  9:43  Mutalisk  
  60  9:44  Mutalisk x7  
  52  10:01  Drone  
  52  10:02  Drone x5  
  58  10:09  Drone x3  
  61  10:14  Drone  
  62  10:26  Mutalisk x2  
  59  10:53  Mutalisk x2  
  63  11:06  Mutalisk  
  63  11:08  Drone  
  63  11:09  Drone x7  
  73  11:19  Spawning Pool  
  70  11:34  Drone x6  
  76  11:41  Mutalisk  
  78  11:49  Mutalisk x2  
  82  12:02  Mutalisk  
  82  12:03  Mutalisk x2  
  88  12:15  Zergling x2  
  89  12:16  Zergling x2  
  89  12:17  Overlord x4  
  88  12:28  Drone x2  
  90  12:34  Roach Warren  
  89  12:47  Mutalisk x5  
  89  12:49  Overlord  
  89  12:51  Drone x2  
  101  13:00  Hatchery  
  97  13:09  Mutalisk  
  97  13:10  Mutalisk x2  
  100  13:33  Mutalisk  
  100  13:34  Mutalisk  
  104  13:42  Drone x6  
  104  13:43  Drone  
  111  14:13  Mutalisk x5  
  121  14:20  Zergling x4  
  121  14:21  Zergling x4  
Tags
 
Add a new tag
Caveats
  • Supply blocks, unpowered buildings, or Contaminate may cause inaccurate times.
  • Supply counts are checked every 10 seconds.